 Dungeon Crawl Stone Soup version 0.28-a0-313-gbc0475efdd (webtiles) character file.

Game seed: 11831218079074700917

64 Smaepdii the Slicer (level 4, -2/38 HPs)
             Began as a Gnoll Wanderer on Sept 1, 2021.
             Was a Believer of Nemelex Xobeh.
             Slain by a kobold brigand (8 damage)
             ... on level 3 of the Dungeon.
             The game lasted 00:09:32 (2120 turns).

Smaepdii the Slicer (Gnoll Wanderer)                Turns: 2120, Time: 00:09:32

Health: -2/38      AC:  5    Str: 13    XL:     4   Next: 12%
Magic:  5/5        EV: 10    Int: 11    God:    Nemelex Xobeh [**....]
Gold:   92         SH:  0    Dex: 11    Spells: 5/5 levels left

rFire   . . .      SeeInvis .   a - +2 short sword
rCold   . . .      Faith    .   (no shield)
rNeg    . . .      Spirit   .   h - +0 ring mail
rPois   .          Reflect  .   (no helmet)
rElec   .          Harm     .   (no cloak)
rCorr   .          Rampage  .   (no gloves)
Will    .....                   (no boots)
Stlth   +.........              (no amulet)
HPRegen 0.12/turn               (no ring)
MPRegen 0.09/turn               (no ring)

@: no status effects
A: fangs 1, strong nose, distributed training
a: Renounce Religion, Draw Escape, Draw Destruction, Draw Summoning


You were on level 3 of the Dungeon.
You worshipped Nemelex Xobeh.
Nemelex Xobeh was pleased with you.
You visited 1 branch of the dungeon, and saw 3 of its levels.

You collected 92 gold pieces.

Inventory:

Hand Weapons
 a - a +2 short sword (weapon)
Missiles
 d - 25 stones
 g - 14 bolts
 k - a boomerang (quivered)
 n - 8 javelins
 p - 46 arrows
 q - 2 poisoned darts
Armour
 h - a +0 ring mail (worn)
Scrolls
 c - 2 scrolls of teleportation
Potions
 e - a potion of ambrosia {unknown}
 f - 2 potions of mutation {unknown}
 i - a potion of attraction {unknown}
 j - a potion of heal wounds {unknown}
 l - a potion of magic {unknown}
 m - a potion of flight {unknown}
 o - a potion of might {unknown}


   Skills:
 + Level 4.6 Fighting
 + Level 8.5 Short Blades
 + Level 1.0 Long Blades
 + Level 1.0 Axes
 + Level 1.0 Maces & Flails
 + Level 1.0 Polearms
 + Level 1.0 Staves
 + Level 1.0 Slings
 + Level 1.0 Bows
 + Level 2.7 Crossbows
 + Level 1.0 Throwing
 + Level 2.7 Armour
 + Level 1.0 Dodging
 + Level 2.5 Stealth
 + Level 1.0 Shields
 + Level 1.0 Unarmed Combat
 + Level 1.0 Spellcasting
 + Level 0.8 Conjurations
 + Level 0.8 Hexes
 + Level 0.8 Summonings
 + Level 0.8 Necromancy
 + Level 0.8 Translocations
 + Level 0.8 Transmutations
 + Level 0.8 Fire Magic
 + Level 0.8 Ice Magic
 + Level 0.8 Air Magic
 + Level 0.8 Earth Magic
 + Level 0.8 Poison Magic
 + Level 1.1 Invocations
 + Level 2.7 Evocations


You had 5 spell levels left.
You didn't know any spells.
Your spell library was empty.

Dungeon Overview and Level Annotations

Branches:
Dungeon (3/15)

Altars:
Nemelex Xobeh


Innate Abilities, Weirdness & Mutations

You have very sharp teeth.
Your uncanny sense of smell can sniff out nearby items.
Your experience applies equally to all skills.


Message History

The kobold brigand hits you with a +0 club.
You puncture the kobold brigand!
The kobold brigand is severely wounded.
You feel yourself speed up.
The kobold brigand hits you with a +0 club.
You hit the kobold brigand.
You bite the kobold brigand, but do no damage.
The kobold brigand is severely wounded.
The kobold brigand completely misses you.
You completely miss the kobold brigand.
The kobold brigand is severely wounded.
The kobold brigand misses you.
You barely miss the kobold brigand.
The kobold brigand is severely wounded.
You barely miss the kobold brigand.
The kobold brigand is severely wounded.
The kobold brigand barely misses you.
You puncture the kobold brigand!
The kobold brigand is almost dead.
The kobold brigand closely misses you.
You hit the kobold brigand.
The kobold brigand is almost dead.
You hit the kobold brigand but do no damage.
The kobold brigand is almost dead.
The kobold brigand hits you with a +0 club.
* * * LOW HITPOINT WARNING * * *
You barely miss the kobold brigand.
You bite the kobold brigand, but do no damage.
The kobold brigand is almost dead.
The kobold brigand barely misses you.
You closely miss the kobold brigand.
The kobold brigand is almost dead.
You hit the kobold brigand but do no damage.
The kobold brigand is almost dead.
The kobold brigand hits you with a +0 club.
* * * LOW HITPOINT WARNING * * *
You draw a card...
You have drawn the Swarm.
The kobold brigand hits you with a +0 club!
You die...
Your body glows slightly and disappears.

#.####.#####.####.#.#†#
#.# #....##.####.#.#.#
##.####....##........#.#
#.......................
#....##.#####........###
#....##.# #...........
#....##y# #.......####
#....##K# #.......#
#....##@#...†.......#
#######y#.##..#######
#y# ...# #.# K#.##
#.#.... #.## ..∆ #.. +..
###


You could see a kobold brigand (ally target) and 3 friendly killer bees.

Vanquished Creatures
  An adder (D:2)
  A worm (D:2)
  2 dart slugs (D:1)
  3 endoplasms
  3 giant cockroaches
  8 goblins
  2 hobgoblins
  4 jackals (D:1)
  3 kobolds
  2 quokkas
  4 ball pythons
  4 bats
  6 frilled lizards
  A rat (D:1)
  A spectral hobgoblin (D:1)
45 creatures vanquished.

Vanquished Creatures (others)
  A frilled lizard (D:1)
1 creature vanquished.

Grand Total: 46 creatures vanquished

Notes
Turn   | Place    | Note
-------+----------+-------------------------------------------
     0 | D:1      | Smaepdii the Gnoll Wanderer began the quest for the Orb.
     0 | D:1      | Smaepdii set off with the following items: a +2 short
                  | sword, a potion of curing, a scroll of teleportation, a +0
                  | robe
     0 | D:1      | Reached XP level 1. HP: 20/20 MP: 1/1
   208 | D:1      | Reached XP level 2. HP: 23/26 MP: 2/2
   528 | D:1      | Reached XP level 3. HP: 18/31 MP: 3/3
   755 | D:1      | Found a faded altar of an unknown god.
   770 | D:1      | Became a worshipper of Nemelex Xobeh the Trickster
   770 | D:1      | Reached * piety under Nemelex Xobeh
  1151 | D:2      | Received a gift from Nemelex Xobeh
  1189 | D:2      | Reached skill level 1 in Invocations
  1541 | D:2      | Reached skill level 1 in Long Blades
  1541 | D:2      | Reached skill level 1 in Axes
  1541 | D:2      | Reached skill level 1 in Maces & Flails
  1541 | D:2      | Reached skill level 1 in Polearms
  1541 | D:2      | Reached skill level 1 in Staves
  1541 | D:2      | Reached skill level 1 in Slings
  1541 | D:2      | Reached skill level 1 in Bows
  1541 | D:2      | Reached skill level 1 in Throwing
  1541 | D:2      | Reached skill level 1 in Dodging
  1541 | D:2      | Reached skill level 1 in Shields
  1541 | D:2      | Reached skill level 1 in Unarmed Combat
  1541 | D:2      | Reached skill level 1 in Spellcasting
  1541 | D:2      | Reached XP level 4. HP: 38/38 MP: 5/5
  1881 | D:3      | Reached ** piety under Nemelex Xobeh
  2076 | D:3      | Noticed a kobold brigand
  2120 | D:3      | Slain by a kobold brigand

Illustrated notes

Levels and vault maps discovered:
D:1:      shiori_arrival_oz, layout_loops_cross,
          dreamdust_ecumenical_altar_drowned_temple, minivault_23
D:2:      layout_loops_cross
D:3:      layout_basic, mainiacjoe_overflow_cross_hatched,
          minmay_misc_feat_cross

Skill      XL: |  1  2  3 |
---------------+----------+-----
Invocations    | 1 |  1.1
Long Blades    | 1 |  1.0
Axes           | 1 |  1.0
Maces & Flails | 1 |  1.0
Polearms       | 1 |  1.0
Staves         | 1 |  1.0
Slings         | 1 |  1.0
Bows           | 1 |  1.0
Throwing       | 1 |  1.0
Dodging        | 1 |  1.0
Shields        | 1 |  1.0
Unarmed Combat | 1 |  1.0
Spellcasting   | 1 |  1.0
Fighting       | |  4.6
Short Blades   | |  8.5
Crossbows      | |  2.7
Armour         | |  2.7
Stealth        | |  2.5
Conjurations   | |  0.8
Hexes          | |  0.8
Summonings     | |  0.8
Necromancy     | |  0.8
Translocations | |  0.8
Transmutations | |  0.8
Fire Magic     | |  0.8
Ice Magic      | |  0.8
Air Magic      | |  0.8
Earth Magic    | |  0.8
Poison Magic   | |  0.8
Evocations     | |  2.7

Action                   |  1- 3 |  4- 6 || total
-------------------------+-------+-------++-------
Melee: Short sword       |   110 |    37 ||   147
       Bite              |     3 |     6 ||     9
Throw: Boomerang         |       |     3 ||     3
Invok: Draw Destruction  |       |     2 ||     2
       Draw Summoning    |       |     1 ||     1
  Use: Potion            |       |     1 ||     1
 Stab: Sleeping          |     3 |     1 ||     4
Armor: Robe              |    14 |       ||    14
       Ring mail         |     8 |     3 ||    11
Dodge: Dodged            |    46 |    18 ||    64

Table legend: (Time is in decaauts)
 A = Elapsed time spent in this place.
 B = Non-inter-level travel time spent in this place.
 C = Inter-level travel time spent in this place.
 D = Time resting spent in this place.
 E = Time spent auto-exploring this place.
 F = Levels seen in this place.
 G = Mean time per level.
                   A        B        C        D        E       F      G
               +--------+--------+--------+--------+--------+-----+--------+
         Total |   2083 |   2029 |     54 |    532 |   1079 |   3 |  694.3 |
       Dungeon |   2083 |   2029 |     54 |    532 |   1079 |   3 |  694.3 |
               +--------+--------+--------+--------+--------+-----+--------+

Top non-repeatable levels by time:
     D:1: 1128 daAuts
     D:2: 661 daAuts
     D:3: 293 daAuts
